 Dungeon Crawl Stone Soup version 0.24.0-123-gd5b16e6ec5 (webtiles) character file.

Game seed: 6432048534442361395, levelgen mode: deterministic

95 Descartes the Sneak (level 4, -1/22 HPs)
             Began as a Felid Monk on Dec 29, 2019.
             Succumbed to Crazy Yiuf's poison
             ... while paralysed by Crazy Yiuf
             ... on level 2 of the Dungeon.
             The game lasted 00:05:44 (3714 turns).

Descartes the Sneak (Felid Monk)                    Turns: 3714, Time: 00:05:44

Health: -1/22      AC:  1    Str:  8    XL:     4   Next: 40%
Magic:  5/5        EV:  4    Int: 11    God:
Gold:   79         SH:  0    Dex: 19    Spells: 3/3 levels left
                                        Lives:  0   Deaths: 1

rFire    . . .     SeeInvis +     - Unarmed
rCold    . . .     Gourm    .   (shield unavailable)
rNeg     . . .     Faith    .   (armour unavailable)
rPois    .         Spirit   .   (helmet unavailable)
rElec    .         Reflect  .   (cloak unavailable)
rCorr    .         Harm     .   (gloves unavailable)
MR       .....                  (boots unavailable)
Stlth    ++++......             (no amulet)
HPRegen  0.07/turn              (no ring)
MPRegen  0.09/turn              (no ring)

@: paralysed, lethally poisoned (-1 -> -23), quick
A: very small, no armour, no weapons or thrown items, stealth, claws 1, fangs 3,
see invisible, carnivore, speed 1, shaggy fur 1, slow metabolism 1, sharp paws
a: no special abilities


You were on level 2 of the Dungeon.
You were not hungry.

You visited 1 branch of the dungeon, and saw 3 of its levels.

You collected 79 gold pieces.

Inventory:

Missiles
 c - 60 stones
 k - 21 arrows
Scrolls
 d - a scroll of amnesia {unknown}
 g - 3 scrolls of enchant armour {unknown}
 h - 2 scrolls of teleportation {unknown}
 j - a scroll of identify
Potions
 e - 2 potions of brilliance
 f - a potion of lignification
 i - a potion of heal wounds
 l - a potion of ambrosia {unknown}
Comestibles
 a - 4 rations


   Skills:
 + Level 3.6 Fighting
 + Level 4.9 Dodging
 * Level 5.1 Stealth
 * Level 4.3 Unarmed Combat


You had 3 spell levels left.
You didn't know any spells.
Your spell library was empty.

Dungeon Overview and Level Annotations

Branches:
Dungeon (3/15)

Altars:
Cheibriados
Nemelex Xobeh
Okawaru
Sif Muna
Trog

Annotations:
D:2 Crazy Yiuf
D:3 Natasha


Innate Abilities, Weirdness & Mutations

You cannot wear armour.
You are incapable of wielding weapons or throwing items.
Your paws allow you to move quietly. (Stealth)
You have sharp claws.
You have razor-sharp teeth.
You have supernaturally acute eyesight. (SInv)
You are carnivorous and can eat meat at any time.
You cover ground quickly.
You are covered in fur. (AC +1)
You have a slow metabolism.
Your sharp claws are effective at attacking unaware monsters.


Message History

Level annotation: 1 runed translucent door, Crazy Yiuf
There is a stone staircase leading down here.
There is an open door here.
You see here a whip.
There is an open door here.
Crazy Yiuf laughs, "Liver!
Line shoe pizzabubble."
You open the door. You scratch Crazy Yiuf.
Crazy Yiuf is moderately wounded.
Crazy Yiuf misses you.
You scratch Crazy Yiuf.
Crazy Yiuf is heavily wounded.
Crazy Yiuf hits you with a +3 quarterstaff of chaos!
You suddenly lose the ability to move!
Crazy Yiuf yells, "Spliff!"
Crazy Yiuf hits you with a +3 quarterstaff of chaos!
Ouch! That really hurt!
* * * LOW HITPOINT WARNING * * *
You are lethally poisoned!
You die...

##....#########.....
#....# #.........#.
♣....♣ #######..##.
♣♣...♣ ##...# ♣♣.♣♣
#.### ♣♣.♣ #.###
♣.♣♣ #.... ♣♣.♣
#).## ♣@♣♣ #..# #g#
#..# ... #..# #...#
######..## #)..#
#......... #####
#.##.....#
###.#....... #####
#.....#..### #...#
###......#


You could see Crazy Yiuf.

Vanquished Creatures
  Jessica (D:2)
  Natasha (D:3)
  5 adders
  An ooze (D:2)
  2 worms (D:2)
  A dart slug (D:1)
  4 leopard geckos
  2 orcs
  5 giant cockroaches
  10 goblins
  7 hobgoblins
  11 jackals
  2 quokkas (D:2)
  A ball python (D:1)
  2 bats (D:1)
  4 frilled lizards
  9 kobolds
  6 rats
74 creatures vanquished.

Notes
Turn   | Place    | Note
-------+----------+-------------------------------------------
     0 | D:1      | Descartes the Felid Monk began the quest for the Orb.
     0 | D:1      | Reached XP level 1. HP: 10/10 MP: 2/2
   150 | D:1      | Reached skill level 3 in Stealth
   305 | D:1      | Reached XP level 2. HP: 14/14 MP: 3/3
   942 | D:2      | Reached XP level 3. HP: 14/17 MP: 4/4
  1424 | D:2      | Found a sparkling altar of Nemelex Xobeh.
  1435 | D:2      | Found a bloodstained altar of Trog.
  1494 | D:2      | Noticed Jessica
  1501 | D:2      | Killed Jessica
  1501 | D:2      | Reached skill level 4 in Stealth
  1501 | D:2      | Reached XP level 4. HP: 15/21 MP: 5/5
  1778 | D:2      | Found a runed translucent door.
  1779 | D:2      | Noticed Crazy Yiuf
  2717 | D:3      | Reached XP level 5. HP: 24/24 MP: 6/6
  2906 | D:3      | Found a shimmering blue altar of Sif Muna.
  2916 | D:3      | Found a snail-covered altar of Cheibriados.
  3057 | D:3      | Found an iron altar of Okawaru.
  3253 | D:3      | Noticed Natasha
  3258 | D:3      | Killed Natasha
  3258 | D:3      | Reached skill level 5 in Stealth
  3495 | D:3      | Noticed Natasha
  3505 | D:3      | Killed from afar by Natasha
  3506 | D:3      | Reached XP level 4. HP: 0/22 MP: 5/5
  3712 | D:2      | Paralysed by Crazy Yiuf for 7 turns
  3713 | D:2      | HP: 1/22 [Crazy Yiuf/+3 quarterstaff of chaos (12)]
  3714 | D:2      | Succumbed to Crazy Yiuf's poison

Levels and vault maps discovered:
D:1:      mainiacjoe_arrival_reflecting_pool, layout_loops_ring,
          minmay_tromino_v4_a
D:2:      layout_loops_corners, nemelex_xobeh_ov_fountains_minmay, first_ration,
          nrook_campfire, trog_butcher_becter, uniq_jessica,
          uniq_crazy_yiuf_cottage
D:3:      layout_basic, minitemple, lemuel_tele_altar, uniq_natasha

Skill      XL: |  1  2  3  4  5 |
---------------+----------------+-----
Stealth        | 3 4 5 |  5.1
Unarmed Combat | 4 |  4.3
Fighting       | |  3.6
Dodging        | |  4.9

Action                   |  1- 3 |  4- 6 || total
-------------------------+-------+-------++-------
Melee: Unarmed           |    83 |   109 ||   192
       Bite              |     7 |    14 ||    21
       Punch             |     1 |     2 ||     3
  Use: Scroll            |       |     4 ||     4
 Stab: Sleeping          |     8 |     9 ||    17
  Eat: Chunk             |     8 |     5 ||    13
Armor: Skin              |     5 |     3 ||     8
Dodge: Dodged            |    47 |    84 ||   131
